3L
CHICAGO HAWKS @ CAPITAL DISTRICT RED KNIGHTS
07/29/2025
 
TOP OF THE 1ST
Chicago Hawks batting - Pitching for Capital District Red Knights : RHP Leroy Moody
Pitching: RHP Leroy Moody
Batting: SHB Evan Adams 0-0: Swinging Strike
0-1: Ball
1-1: Ground out 6-3 (Groundball, 6)
Batting: LHB Raúl Aguirre 0-0: Ball
1-0: Ground out 3-1 (Groundball, 34)
Batting: RHB Robbie Roach 0-0: Called Strike
0-1: Foul Ball, location: 2F
0-2: Ball
1-2: Ball
2-2: Ball
3-2: Strikes out swinging
Top of the 1st over - 0 run(s), 0 hit(s), 0 error(s), 0 left on base; Chicago 0 - Capital District 0
BOTTOM OF THE 1ST
Capital District Red Knights batting - Pitching for Chicago Hawks : RHP Kenshin Koike
Pitching: RHP Kenshin Koike
Batting: RHB Danilo Mosca 0-0: Ball
1-0: SINGLE (Line Drive, 6MD)
Batting: RHB José Paz 0-0: Called Strike
0-1: Ball
1-1: Foul Ball, location: 2F
1-2: Strikes out swinging
Batting: RHB Sergio Ortíz 0-0: Ball
1-0: Called Strike
1-1: Fly out, F8 (Flyball, 8RD)
Batting: RHB Barry Dempsey 0-0: Ball
1-0: Called Strike
1-1: Ball
2-1: Foul Ball, location: 2F
2-2: Ball
3-2: Base on Balls
Danilo Mosca to second
Batting: LHB Jesús Reyes 0-0: Called Strike
0-1: Swinging Strike
0-2: SINGLE (Groundball, 34D)
Danilo Mosca to third
Barry Dempsey to second
Runner from 3rd tries for Home, SAFE, no throw
Batting: LHB Mike Cook 0-0: Called Strike
0-1: Ball
1-1: Called Strike
1-2: Strikes out swinging
Bottom of the 1st over - 1 run(s), 2 hit(s), 0 error(s), 2 left on base; Chicago 0 - Capital District 1
TOP OF THE 2ND
Chicago Hawks batting - Pitching for Capital District Red Knights : RHP Leroy Moody
Batting: LHB Jeff Rutherford 0-0: Foul Ball, location: 2F
0-1: Swinging Strike
0-2: Ball
1-2: Ball
2-2: Fly out, F7 (Flyball, 78D)
Batting: LHB Bill Griffin 0-0: Ball
1-0: Ground out U3 (Groundball, 34)
Batting: RHB Pablo Trujillo 0-0: Foul Ball, location: 2F
0-1: SINGLE (Groundball, 6MD)
Batting: LHB Mike Pace 0-0: Ball
1-0: Ball
2-0: Foul Ball, location: 2F
2-1: Ball
3-1: Base on Balls
Pablo Trujillo to second
Batting: RHB Pedro Longoria 0-0: Called Strike
0-1: Swinging Strike
0-2: Ball
1-2: Ball
2-2: Ball
3-2: Strikes out swinging
Top of the 2nd over - 0 run(s), 1 hit(s), 0 error(s), 2 left on base; Chicago 0 - Capital District 1
BOTTOM OF THE 2ND
Capital District Red Knights batting - Pitching for Chicago Hawks : RHP Kenshin Koike
Batting: RHB Alfonso Enríquez 0-0: Swinging Strike
0-1: Ground out 1-3 (Groundball, 15S)
Batting: LHB Arturo Hernández 0-0: Ball
1-0: Foul Ball, location: 2F
1-1: Ground out 4-3 (Groundball, 4)
Batting: SHB Bernardo Hernández 0-0: Called Strike
0-1: Ball
1-1: Foul Ball, location: 2F
1-2: Ground out 6-3 (Groundball, 6)
Bottom of the 2nd over - 0 run(s), 0 hit(s), 0 error(s), 0 left on base; Chicago 0 - Capital District 1
TOP OF THE 3RD
Chicago Hawks batting - Pitching for Capital District Red Knights : RHP Leroy Moody
Batting: LHB Jeff Conklin 0-0: Ball
1-0: Ball
2-0: Called Strike
2-1: Fly out, F7 (Flyball, 7)
Batting: SHB Evan Adams 0-0: Called Strike
0-1: Ball
1-1: Ball
2-1: Ground out 6-3 (Groundball, 6)
Batting: LHB Raúl Aguirre 0-0: Ground out 1-3 (Groundball, P)
Top of the 3rd over - 0 run(s), 0 hit(s), 0 error(s), 0 left on base; Chicago 0 - Capital District 1
BOTTOM OF THE 3RD
Capital District Red Knights batting - Pitching for Chicago Hawks : RHP Kenshin Koike
Batting: RHB Danilo Mosca 0-0: Swinging Strike
0-1: Hit by Pitch
Batting: RHB José Paz 0-0: Ball
1-0: Grounds into double play, 4-6-3 (Groundball, 4M)
Batting: RHB Sergio Ortíz 0-0: SINGLE (Flyball, 89S) - OUT at second base trying to stretch hit.
Bottom of the 3rd over - 0 run(s), 1 hit(s), 0 error(s), 0 left on base; Chicago 0 - Capital District 1
TOP OF THE 4TH
Chicago Hawks batting - Pitching for Capital District Red Knights : RHP Leroy Moody
Batting: RHB Robbie Roach 0-0: SINGLE (Line Drive, 7LS)
Batting: LHB Jeff Rutherford 0-0: Foul Ball, location: 2F
0-1: Ball
1-1: Fly out, F8 (Line Drive, 8RM)
Batting: LHB Bill Griffin 0-0: Grounds into double play, 4-6-3 (Groundball, 4M)
Top of the 4th over - 0 run(s), 1 hit(s), 0 error(s), 0 left on base; Chicago 0 - Capital District 1
BOTTOM OF THE 4TH
Capital District Red Knights batting - Pitching for Chicago Hawks : RHP Kenshin Koike
Batting: RHB Barry Dempsey 0-0: Called Strike
0-1: Called Strike
0-2: Ball
1-2: Strikes out swinging
Batting: LHB Jesús Reyes 0-0: Called Strike
0-1: Ball
1-1: Foul Ball, location: 2F
1-2: SINGLE (Groundball, 4MD)
Batting: LHB Mike Cook 0-0: SINGLE (Line Drive, 34D)
Jesús Reyes to second
Runner from 2nd tries for 3rd, SAFE, no throw
Batting: RHB Alfonso Enríquez 0-0: Ball
1-0: Called Strike
1-1: Ball
2-1: Foul Ball, location: 2F
2-2: Ball
3-2: Base on Balls
Mike Cook to second
Batting: LHB Arturo Hernández 0-0: Ball
1-0: Called Strike
1-1: Called Strike
1-2: Strikes out swinging
Batting: SHB Bernardo Hernández 0-0: Called Strike
0-1: Swinging Strike
0-2: Foul Ball, location: 2F
0-2: Ball
1-2: Foul Ball, location: 2F
1-2: Foul Ball, location: 2F
1-2: Ground out 6-3 (Groundball, 6)
Bottom of the 4th over - 0 run(s), 2 hit(s), 0 error(s), 3 left on base; Chicago 0 - Capital District 1
TOP OF THE 5TH
Chicago Hawks batting - Pitching for Capital District Red Knights : RHP Leroy Moody
Batting: RHB Pablo Trujillo 0-0: Called Strike
0-1: Ball
1-1: Ball
2-1: Swinging Strike
2-2: Fly out, F9 (Flyball, 89D)
Batting: LHB Mike Pace 0-0: Ball
1-0: Ball
2-0: Ball
3-0: Foul Ball, location: 2F
3-1: Base on Balls
Batting: RHB Pedro Longoria 0-0: Grounds into double play, 6-4-3 (Groundball, 6)
Top of the 5th over - 0 run(s), 0 hit(s), 0 error(s), 0 left on base; Chicago 0 - Capital District 1
BOTTOM OF THE 5TH
Capital District Red Knights batting - Pitching for Chicago Hawks : RHP Kenshin Koike
Batting: RHB Danilo Mosca 0-0: Ball
1-0: Swinging Strike
1-1: Fly out, F4 (Line Drive, 4D)
Batting: RHB José Paz 0-0: Ball
1-0: Ball
2-0: Swinging Strike
2-1: SINGLE (Line Drive, 8LS)
Batting: RHB Sergio Ortíz 0-0: Ball
1-0: Foul Ball, location: 2F
1-1: Grounds into double play, 6-4-3 (Groundball, 6)
Bottom of the 5th over - 0 run(s), 1 hit(s), 0 error(s), 0 left on base; Chicago 0 - Capital District 1
TOP OF THE 6TH
Chicago Hawks batting - Pitching for Capital District Red Knights : RHP Leroy Moody
Batting: LHB Jeff Conklin 0-0: Ball
1-0: Swinging Strike
1-1: Foul Ball, location: 2F
1-2: Ball
2-2: Ball
3-2: SINGLE (Groundball, 4D)
Batting: SHB Evan Adams 0-0: Ball
1-0: Sac Bunt - play at first, batter OUT! 1-4
Jeff Conklin to second
Batting: LHB Raúl Aguirre 0-0: Called Strike
0-1: Fly out, F8 (Flyball, 89M)
Batting: RHB Robbie Roach 0-0: Foul Ball, location: 2F
0-1: Ball
1-1: Ground out 1-3 (Groundball, P)
Top of the 6th over - 0 run(s), 1 hit(s), 0 error(s), 1 left on base; Chicago 0 - Capital District 1
BOTTOM OF THE 6TH
Capital District Red Knights batting - Pitching for Chicago Hawks : RHP Kenshin Koike
Batting: RHB Barry Dempsey 0-0: Foul Ball, location: 2F
0-1: Swinging Strike
0-2: Strikes out swinging
Batting: LHB Jesús Reyes 0-0: Ground out 4-3 (Groundball, 4)
Batting: LHB Mike Cook 0-0: Fly out, F9 (Flyball, 89S)
Bottom of the 6th over - 0 run(s), 0 hit(s), 0 error(s), 0 left on base; Chicago 0 - Capital District 1
TOP OF THE 7TH
Chicago Hawks batting - Pitching for Capital District Red Knights : RHP Leroy Moody
Batting: LHB Jeff Rutherford 0-0: Foul Ball, location: 2F
0-1: Swinging Strike
0-2: Ball
1-2: Foul Ball, location: 2F
1-2: Ball
2-2: Foul Ball, location: 2F
2-2: Ball
3-2: Strikes out swinging
Batting: LHB Bill Griffin 0-0: Swinging Strike
0-1: Ball
1-1: Ground out 3-1 (Groundball, 34)
Batting: RHB Pablo Trujillo 0-0: Foul Ball, location: 2F
0-1: Foul Ball, location: 2F
0-2: Ball
1-2: SINGLE (Groundball, 6MD)
Batting: LHB Mike Pace 0-0: Foul Ball, location: 2F
0-1: Foul Ball, location: 2F
0-2: Ball
1-2: Fielders Choice at 2nd, 4-6 (Groundball, 4)
Top of the 7th over - 0 run(s), 1 hit(s), 0 error(s), 0 left on base; Chicago 0 - Capital District 1
BOTTOM OF THE 7TH
Capital District Red Knights batting - Pitching for Chicago Hawks : RHP Kenshin Koike
Batting: RHB Alfonso Enríquez 0-0: Swinging Strike
0-1: Fly out, F8 (Flyball, 8LM)
Batting: LHB Arturo Hernández 0-0: Called Strike
0-1: Called Strike
0-2: DOUBLE (Flyball, 7LM)
Batting: SHB Bernardo Hernández 0-0: Foul Ball, location: 2F
0-1: Ball
1-1: Hit by Pitch
Batting: RHB Danilo Mosca 0-0: Ball
Arturo Hernández steals 3rd base
Bernardo Hernández to second
1-0: Ball
2-0: Called Strike
2-1: Foul Ball, location: 2F
2-2: Fly out, F7 (Flyball, 7LD)
Runner from 3rd tags up, SCORES, no throw
Bernardo Hernández to third
Batting: RHB José Paz 0-0: Foul Ball, location: 2F
0-1: Foul Ball, location: 2F
0-2: Strikes out swinging
Bottom of the 7th over - 1 run(s), 1 hit(s), 0 error(s), 1 left on base; Chicago 0 - Capital District 2
TOP OF THE 8TH
Chicago Hawks batting - Pitching for Capital District Red Knights : RHP Leroy Moody
Batting: RHB Pedro Longoria 0-0: Foul Ball, location: 2F
0-1: Called Strike
0-2: Ground out 6-3 (Groundball, 6S)
Batting: LHB Jeff Conklin 0-0: Ball
1-0: Ball
2-0: Ball
3-0: Foul Ball, location: 2F
3-1: Foul Ball, location: 2F
3-2: Base on Balls
Pitching: RHP Oswaldo Mobray
Batting: SHB Evan Adams 0-0: Ball
1-0: Grounds into double play, 6-4-3 (Groundball, 6MD)
Top of the 8th over - 0 run(s), 0 hit(s), 0 error(s), 0 left on base; Chicago 0 - Capital District 2
BOTTOM OF THE 8TH
Capital District Red Knights batting - Pitching for Chicago Hawks : RHP Kenshin Koike
Batting: RHB Sergio Ortíz 0-0: Ball
1-0: Called Strike
1-1: Fly out, F8 (Line Drive, 8RD)
Batting: RHB Barry Dempsey 0-0: Called Strike
0-1: Swinging Strike
0-2: Ground out 4-3 (Groundball, 4)
Batting: LHB Jesús Reyes 0-0: Ball
1-0: Ground out 5-3 (Groundball, 56)
Bottom of the 8th over - 0 run(s), 0 hit(s), 0 error(s), 0 left on base; Chicago 0 - Capital District 2
TOP OF THE 9TH
Chicago Hawks batting - Pitching for Capital District Red Knights : RHP Oswaldo Mobray
Pitching: LHP Miguel Toro
Batting: LHB Raúl Aguirre 0-0: Called Strike
0-1: Ball
1-1: Swinging Strike
1-2: Fly out, F9 (Flyball, 9S)
Batting: RHB Robbie Roach 0-0: Ball
1-0: Foul Ball, location: 2F
1-1: Ball
2-1: Ball
3-1: Foul Ball, location: 2F
3-2: Base on Balls
Pinch Hitting: RHB Carl Carlson 0-0: Ball
1-0: Ball
2-0: Foul Ball, location: 2F
2-1: Foul Ball, location: 2F
2-2: Ball
3-2: Foul Ball, location: 2F
3-2: Fly out, F9 (Flyball, 89M)
Batting: LHB Bill Griffin 0-0: Called Strike
0-1: Ball
1-1: Ball
2-1: Called Strike
2-2: Foul Ball, location: 2F
2-2: Ball
3-2: Strikes out swinging
Top of the 9th over - 0 run(s), 0 hit(s), 0 error(s), 1 left on base; Chicago 0 - Capital District 2
Friday, December 30th, 2016 - OOTP Baseball 17.12 Build 75